 Dungeon Crawl Stone Soup version 0.32-a0-841-g4648e6c457 (webtiles) character file.

Game seed: 12771744088146688748

18146 cforsyth the Eclecticist (level 12, -10/64 HPs)
             Began as a Deep Elf Summoner on Mar 26, 2024.
             Was an Elder of Sif Muna.
             Mangled by a skeletal warrior
             ... wielding a +0 flail
              (26 damage)
             ... on level 11 of the Dungeon.
             The game lasted 00:41:03 (13318 turns).

cforsyth the Eclecticist (Deep Elf Summoner)       Turns: 13318, Time: 00:41:03

Health: -10/64     AC:  6    Str:  5    XL:     12   Next: 25%
Magic:  24/35      EV: 19    Int: 26    God:    Sif Muna [****..]
Gold:   741        SH:  0    Dex: 21    Spells: 26/45 levels left

rFire   + . .        K - +3 rapier "Pira" {heavy, rC+ SInv}
rCold   + . .        (no shield)
rNeg    . . .        z - +2 robe {rF+}
rPois   .            (no helmet)
rElec   .            r - +1 cloak
rCorr   .            (no gloves)
SInv    +            (no boots)
Will    +....        o - amulet of regeneration
Stlth   ++           D - +6 ring of dexterity
HPRegen 1.10/turn    E - +5 ring of evasion
MPRegen 0.24/turn

%: no passive effects
@: inugami summoned
A: no striking features
a: Renounce Religion, Channel Magic, Forget Spell, Divine Exegesis


You were on level 11 of the Dungeon.
You worshipped Sif Muna.
Sif Muna was greatly pleased with you.
You visited 1 branch of the dungeon, and saw 11 of its levels.
You also visited: Ossuary.

You collected 741 gold pieces.


   Skills:
 + Level 3.0 Fighting
 + Level 5.2 Dodging
 - Level 2.4 Stealth
 - Level 17.0 Spellcasting
 - Level 4.0 Hexes
 - Level 14.8 Summonings
 - Level 4.0 Fire Magic
 - Level 4.0 Air Magic


You had 26 spell levels left.
You knew the following spells:

 Your Spells              Type           Power      Damage    Failure   Level
c - Call Imp              Summ           100%       N/A       0%          2
f - Call Canine Familiar  Summ           78%        N/A       0%          3
l - Summon Lightning Spi  Summ/Air       63%        N/A       1%          4
v - Summon Mana Viper     Hex/Summ       63%        N/A       1%          5
z - Summon Small Mammal   Summ           100%       N/A       0%          1
X - Summon Blazeheart Go  Fire/Summ      63%        N/A       1%          4

Your spell library contained the following spells:

 Spells                   Type           Power      Damage    Failure   Level
 Shock                    Conj/Air       100%       1d9       1%          1
 Jinxbite                 Hex            84%        N/A       1%          2
 Inner Flame              Hex/Fire       42%        N/A       1%          3
 Swiftness                Air            42%        N/A       1%          3
 Tukima's Dance           Hex            42%        N/A       1%          3
 Martyr's Knell           Necr/Summ      57%        N/A       1%          4
 Necrotise                Necr           88%        1d8       2%          1
 Volatile Blastmotes      Fire/Tloc      64%        2d15      3%          3
 Airstrike                Air            21%        2d(3-19)  4%          4
 Cause Fear               Hex            21%        N/A       4%          4
 Fugue of the Fallen      Necr           22%        N/A       7%          3
 Ozocubu's Armour         Ice            22%        N/A       7%          3
 Passwall                 Erth           22%        N/A       7%          3
 Vampiric Draining        Necr           22%        2d7       7%          3
 Manifold Assault         Tloc           22%        N/A       22%         4
 Passage of Golubria      Tloc           22%        N/A       22%         4
 Yara's Violent Unravell  Hex/Alch       16%        3d8       26%         5
 Curse of Agony           Necr           22%        N/A       52%         5
 Irradiate                Conj/Alch      11%        3d15      52%         5
 Bombard                  Conj/Erth      11%        9d3       98%         6
 Enfeeble                 Hex            21%        N/A       98%         7
 Dragon's Call            Summ           39%        N/A       99%         9
 Ignition                 Fire           21%        3d8       100%        8

Inventory:

Hand Weapons
 K - the +3 rapier "Pira" (weapon) {heavy, rC+ SInv}
   (You found it on level 10 of the Dungeon)

   rC+:       It protects you from cold.
   SInv:      It lets you see invisible.
Missiles
 q - 2 throwing nets {=f}
Armour
 r - a +1 cloak (worn)
 z - a +2 robe of fire resistance (worn)
 B - a scarf of resistance
Magical Staves
 M - a staff of fire {!a}
Jewellery
 c - a ring of protection from cold
 d - a +6 ring of dexterity
 o - an amulet of regeneration (around neck)
 C - a ring of ice
 D - a +6 ring of dexterity (left hand)
 E - a +5 ring of evasion (right hand)
 F - an amulet of faith {!P}
 N - a ring of positive energy
 S - a +6 ring of strength
Wands
 l - a wand of roots (8)
 v - a wand of flame (16)
 w - a wand of polymorph (6)
 I - a wand of paralysis (1)
Scrolls
 a - a scroll of silence {unknown}
 f - 2 scrolls of noise
 g - 2 scrolls of butterflies {unknown}
 k - 4 scrolls of blinking
 t - a scroll of enchant weapon {unknown}
 u - 4 scrolls of fog {unknown}
 x - 2 scrolls of amnesia {unknown}
 A - a scroll of immolation {unknown}
 H - a scroll of fear
 J - a scroll of vulnerability
 O - a scroll of identify {@r1}
 P - a scroll of poison {unknown}
Potions
 b - 3 potions of magic
 e - 4 potions of berserk rage {!q}
 h - 5 potions of curing {@q1}
 i - 3 potions of might
 j - 3 potions of enlightenment
 m - a potion of haste {@q3}
 n - 3 potions of ambrosia
 p - 2 potions of heal wounds {@q2}
 s - a potion of resistance {unknown}
 y - 3 potions of cancellation
 G - a potion of lignification
 L - 4 potions of attraction

Dungeon Overview and Level Annotations

Branches:
Dungeon (11/15)            Temple (0/1) D:6            Lair (0/5) D:8
    Orc (0/2) D:9         Ossuary (visited)

Altars:
Dithmenos
Gozag
Hepliaklqana
Nemelex Xobeh
Okawaru
Qazlal
Ru
Sif Muna
Vehumet
Xom
Zin

Shops:
D:9

:* #O# #..!#
######.........
5.).#..............z..##.
)h.................#<.....
#......#...########.#....##
...../.#...# #<#.#......
........#...## #.#.#...###
...........5..#####)#.#...#
.......9h'.....#.###.#
.......@z#######.. .#
......OI.# #### ##
......?..# .........#
.........# ###...(..#
########


You could see a skeletal warrior (ally target), a two-headed ogre, a friendly
lightning spire (summoned), a friendly blazeheart golem (summoned), a friendly
cerulean imp (summoned) and a friendly inugami (summoned).


Message History

Unknown command.
Casting: Call Imp (safe; 0% risk of failure)
Confirm with . or Enter, or press ? or * to list all spells.
A fiery spirit appears, bound in slag iron.
Your inugami hits the skeletal warrior.
Your cerulean imp hits the skeletal warrior but does no damage.
Unknown command.
Unknown command.
Unknown command.
The skeletal warrior attacks as it pursues you!
The skeletal warrior completely misses you.
Your cerulean imp closely misses the skeletal warrior.
Your inugami hits the skeletal warrior.
Unknown command.
Unknown command.
The skeletal warrior attacks as it pursues you!
The skeletal warrior hits you with a +0 flail!!
Your blazeheart golem closely misses the skeletal warrior.
Your blazeheart golem's core grows cold and it stops moving.
Unknown command.
Unknown command.
Unknown command.
Unknown command.
Unknown command.
Your blazeheart golem's core flares to life once more.
The two-headed ogre barely misses you.
The two-headed ogre hits you with a +0 giant club!!
* * * LOW HITPOINT WARNING * * *
The skeletal warrior hits you with a +0 flail!!
You die...

Skill      XL: |  1  2  3  4  5  6  7  8  9 10 11 12 |
---------------+-------------------------------------+-----
Spellcasting   | 4 5 6 7 10 12 14 17 | 17.0
Summonings     | 5 6 7 9 10 12 14 | 14.8
Air Magic      | 1 2 3 4 |  4.0
Fire Magic     | 2 3 4 |  4.0
Hexes          | 4 |  4.0
Fighting       | 1 3 |  3.0
Dodging        | 3 5 |  5.2
Stealth        | |  2.4

Action                     |  1- 3 |  4- 6 |  7- 9 | 10-12 || total
---------------------------+-------+-------+-------+-------++-------
  Melee: Unarmed           |    13 |    10 |    11 |     2 ||    36
         Rapier            |       |       |       |     3 ||     3
   Cast: Summon Small Mamm |    51 |    19 |    10 |     7 ||    87
         Call Imp          |    19 |    22 |    44 |    52 ||   137
         Call Canine Famil |     4 |    13 |    43 |    67 ||   127
         Summon Lightning  |       |     2 |    21 |    57 ||    80
         Summon Blazeheart |       |       |     8 |    21 ||    29
  Evoke: Wand              |       |       |       |     1 ||     1
    Use: Scroll            |       |     6 |       |    10 ||    16
 Armour: Robe              |    11 |    36 |    38 |    50 ||   135
  Dodge: Dodged            |    21 |    36 |    29 |    60 ||   146

Levels and vault maps discovered:
D:1:      minmay_arrival_open_corners, layout_basic
D:2:      layout_rooms, basic_altar, uniq_jessica
D:3:      layout_loops_ring, vehumet_crystals, lemuel_round_altar
D:4:      minmay_inner_zag, layout_rooms, mainiacjoe_overflow_24_doors,
          nicolae_ossuary_entry_catacombs, hellmonk_no_cap, uniq_duvessa
D:5:      layout_basic, kennysheep_orc_sif_temple, uniq_prince_ribbit1,
          uniq_ijyb
D:6:      layout_loops_ring, mainiacjoe_overflow_alcove_2,
          mainiacjoe_overflow_six_doors_small, minmay_temple_entry_sparse_star
D:7:      layout_basic, lemuel_round_altar
D:8:      layout_basic, erik_lair_orcish_takeover
D:9:      minmay_chambers_of_sixes, layout_long_grid, david_orc_1_choice,
          serial_shops, shop, minmay_shop_damaged,
          chequers_serial_rivers_large_b
D:10:     layout_gridville, mainiacjoe_overflow_small_starburst,
          nemelex_diamond_rough_becter, okawaru_metal_pillars_1_2, uniq_joseph
D:11:     layout_basic

Notes
Turn   | Place    | Note
-------+----------+-------------------------------------------
     0 | D:1      | cforsyth the Deep Elf Summoner began the quest for the Orb.
     0 | D:1      | Reached XP level 1. HP: 10/10 MP: 6/6
   285 | D:1      | Reached XP level 2. HP: 15/15 MP: 4/8
   366 | D:1      | Learned a level 2 spell: Call Imp
   414 | D:1      | HP: 1/15 [quokka (3)]
   814 | D:1      | Reached skill level 4 in Spellcasting
  1258 | D:2      | Reached skill level 5 in Summonings
  1258 | D:2      | Reached XP level 3. HP: 19/19 MP: 5/10
  1262 | D:2      | Learned a level 3 spell: Call Canine Familiar
  1631 | D:2      | Found a sacrificial altar of Ru.
  1845 | D:2      | Identified the amulet of Temptation {Faith rN++ Dex+6}
  1914 | D:2      | Noticed Jessica
  1924 | D:2      | Killed Jessica
  1925 | D:2      | Reached XP level 4. HP: 24/24 MP: 5/12
  2112 | D:3      | Reached skill level 5 in Spellcasting
  2121 | D:3      | Found a radiant altar of Vehumet.
  2466 | D:3      | Reached skill level 1 in Air Magic
  2466 | D:3      | Reached XP level 5. HP: 28/28 MP: 7/14
  2722 | D:3      | Found a shadowy altar of Dithmenos.
  2732 | D:3      | Reached skill level 1 in Fire Magic
  3008 | D:3      | You fall into a shaft and drop 2 floors!
  3008 | D:5      | Entered Level 5 of the Dungeon
  3080 | D:4      | Learned a level 4 spell: Summon Blazeheart Golem
  3085 | D:4      | Learned a level 4 spell: Summon Lightning Spire
  3163 | D:4      | Reached skill level 6 in Summonings
  3163 | D:4      | Reached skill level 2 in Fire Magic
  3163 | D:4      | Reached skill level 2 in Air Magic
  3163 | D:4      | Reached XP level 6. HP: 32/32 MP: 13/16
  3174 | D:4      | Found a sand-covered staircase.
  3187 | Ossuary  | Entered an ossuary
  3210 | Ossuary  | Reached skill level 6 in Spellcasting
  3587 | Ossuary  | Reached skill level 3 in Fire Magic
  3587 | Ossuary  | Reached skill level 3 in Air Magic
  3587 | Ossuary  | Reached XP level 7. HP: 36/36 MP: 11/18
  4071 | D:4      | Noticed Dowan
  4074 | D:4      | Noticed Duvessa
  4080 | D:4      | Killed Dowan
  4081 | D:4      | Reached skill level 7 in Spellcasting
  4089 | D:4      | Reached skill level 7 in Summonings
  4089 | D:4      | Reached skill level 4 in Fire Magic
  4089 | D:4      | Reached skill level 4 in Air Magic
  4092 | D:4      | Killed Duvessa
  4093 | D:4      | Reached XP level 8. HP: 41/41 MP: 6/21
  4473 | D:4      | Found a stormy altar of Qazlal.
  4525 | D:4      | Reached skill level 8 in Spellcasting
  4716 | D:4      | Reached skill level 8 in Summonings
  4861 | D:5      | Noticed Ijyb
  4878 | D:5      | Killed Ijyb
  4879 | D:5      | Reached skill level 9 in Spellcasting
  5112 | D:5      | Noticed Prince Ribbit
  5121 | D:5      | Killed Prince Ribbit
  5140 | D:5      | Reached skill level 9 in Summonings
  5317 | D:5      | Reached skill level 10 in Spellcasting
  5363 | D:5      | Got Sif Muna's Octavo of the Unlucky Band
  5403 | D:5      | Found a shimmering blue altar of Sif Muna.
  5419 | D:5      | Reached XP level 9. HP: 45/45 MP: 17/25
  5987 | D:5      | Became a worshipper of Sif Muna the Loreminder
  6280 | D:6      | Found a hazy altar of Hepliaklqana.
  6398 | D:6      | Reached skill level 11 in Spellcasting
  6487 | D:6      | Reached skill level 10 in Summonings
  6570 | D:6      | Learned a level 5 spell: Summon Mana Viper
  6586 | D:6      | Reached skill level 1 in Hexes
  6647 | D:6      | Reached skill level 2 in Hexes
  6729 | D:6      | Found a staircase to the Ecumenical Temple.
  6791 | D:6      | Found an opulent altar of Gozag.
  7253 | D:7      | Reached skill level 3 in Hexes
  7315 | D:7      | Reached * piety under Sif Muna
  7397 | D:7      | Reached skill level 4 in Hexes
  7418 | D:7      | Found a glowing silver altar of Zin.
  7427 | D:7      | Identified a scarf of resistance
  7474 | D:7      | Reached skill level 12 in Spellcasting
  7822 | D:8      | Noticed a skeletal warrior
  7997 | D:8      | Reached XP level 10. HP: 50/50 MP: 22/28
  8006 | D:8      | Reached skill level 11 in Summonings
  8253 | D:8      | Noticed a skeletal warrior
  8261 | D:8      | Killed a skeletal warrior
  8262 | D:8      | Reached skill level 13 in Spellcasting
  8264 | D:8      | Noticed a skeletal warrior
  8266 | D:8      | Noticed a skeletal warrior
  8273 | D:8      | Killed a skeletal warrior
  8274 | D:8      | Reached skill level 12 in Summonings
  8305 | D:8      | Killed a skeletal warrior
  8321 | D:8      | Killed a skeletal warrior
  8322 | D:8      | Reached skill level 14 in Spellcasting
  8513 | D:8      | Noticed a skeletal warrior
  8552 | D:8      | Killed a skeletal warrior
  8844 | D:8      | Reached ** piety under Sif Muna
  8845 | D:8      | Reached XP level 11. HP: 52/54 MP: 23/31
  9105 | D:8      | Found a staircase to the Lair.
  9258 | D:8      | Reached skill level 13 in Summonings
  9809 | D:9      | Reached skill level 15 in Spellcasting
 10135 | D:9      | Noticed a skeletal warrior
 10161 | D:9      | Killed a skeletal warrior
 10211 | D:9      | Noticed a deep elf pyromancer
 10216 | D:9      | Killed a deep elf pyromancer
 10547 | D:9      | Reached skill level 16 in Spellcasting
 10547 | D:9      | Reached skill level 14 in Summonings
 10549 | D:9      | Reached *** piety under Sif Muna
 10802 | D:9      | Found Leist's Book Boutique.
 10867 | D:9      | Found Xaluy's Lightly-Used Armoury.
 10954 | D:9      | Found a staircase to the Orcish Mines.
 11540 | D:10     | Entered Level 10 of the Dungeon
 11696 | D:10     | Noticed Joseph
 11721 | D:10     | Killed Joseph
 11941 | D:10     | Reached skill level 17 in Spellcasting
 12044 | D:10     | Noticed a two-headed ogre
 12052 | D:10     | Killed a two-headed ogre
 12053 | D:10     | Reached skill level 1 in Fighting
 12053 | D:10     | Reached skill level 3 in Dodging
 12053 | D:10     | Reached XP level 12. HP: 60/60 MP: 23/35
 12180 | D:10     | Found a shimmering altar of Xom.
 12397 | D:10     | Found an iron altar of Okawaru.
 12550 | D:10     | Identified the +3 rapier "Pira" {heavy, rC+ SInv}
 12787 | D:10     | Found a sparkling altar of Nemelex Xobeh.
 12921 | D:11     | Reached skill level 2 in Fighting
 12921 | D:11     | Reached skill level 4 in Dodging
 12930 | D:11     | HP: 2/62 [skeletal warrior/+0 battleaxe (14)]
 13117 | D:11     | Noticed a two-headed ogre
 13122 | D:11     | Reached **** piety under Sif Muna
 13210 | D:11     | Reached skill level 5 in Dodging
 13282 | D:11     | Reached skill level 3 in Fighting
 13318 | D:11     | Mangled by a skeletal warrior

Vanquished Creatures
  8 skeletal warriors
  Prince Ribbit (D:5)
  6 yaks (D:9)
  Duvessa (D:4)
  A bullfrog (D:8)
  A wight (D:8)
  A ribbon worm (D:2)
  An orc (D:11)
  A ball python (D:1)
21 creatures vanquished.

Vanquished Creatures (collateral kills)
  A two-headed ogre (D:10)
  A fire crab (shapeshifter) (D:11)
  A deep elf pyromancer (D:9)
  A cyclops (D:9)
  Joseph (D:10)
  2 trolls
  A hornet (D:9)
  2 wyverns (D:9)
  16 yaks
  A vampire (D:10)
  A wraith (D:11)
  A warg (D:9)
  4 vampire mosquitoes (D:10)
  3 steam dragons
  An acid dragon (D:9)
  9 orc warriors
  2 black bears (D:6)
  4 ice beasts
  4 ogres
  2 wolves (D:8)
  3 centaurs
  3 phantoms
  5 bullfrogs
  4 kobold brigands
  3 elf zombies (D:4)
  2 scorpions
  2 gnoll sergeants
  An elf skeleton (D:4)
  5 wights (D:8)
  Dowan (D:4)
  3 killer bees (D:9)
  5 howler monkeys
  6 centaur zombies (Ossuary)
  A hound (D:7)
  A human zombie (Ossuary)
  3 gnoll boudas
  7 orc priests
  2 human skeletons (D:4)
  A sleepcap (D:5)
  Jessica (D:2)
  4 iguanas
  Ijyb (D:5)
  11 orc wizards
  7 hound zombies (Ossuary)
  2 mummies (Ossuary)
  26 gnolls
  5 adders
  A white imp (D:6)
  4 adder zombies (Ossuary)
  3 dart slugs
  2 ribbon worms
  29 orcs
  4 ball pythons
  4 bats
  4 endoplasms
  4 gnoll zombies (Ossuary)
  7 goblins
  5 hobgoblins
  24 kobolds
  5 quokkas
  3 frilled lizards
  5 jackal zombies (Ossuary)
  5 kobold zombies (Ossuary)
  5 orc zombies (Ossuary)
  8 rats
295 creatures vanquished.

Vanquished Creatures (others)
  16 blazeheart cores
16 creatures vanquished.

Grand Total: 332 creatures vanquished

Table legend: (Time is in decaauts)
 A = Elapsed time spent in this place.
 B = Non-inter-level travel time spent in this place.
 C = Inter-level travel time spent in this place.
 D = Time resting spent in this place.
 E = Time spent auto-exploring this place.
 F = Levels seen in this place.
 G = Mean time per level.
                   A        B        C        D        E       F      G
               +--------+--------+--------+--------+--------+-----+--------+
         Total |  13356 |  12893 |    463 |    577 |   9371 |  12 | 1113.0 |
       Dungeon |  12666 |  12203 |    463 |    577 |   8903 |  11 | 1151.5 |
       Ossuary |    689 |    689 |      0 |      0 |    468 |   1 |  689.0 |
               +--------+--------+--------+--------+--------+-----+--------+

Top non-repeatable levels by time:
     D:9: 1893 daAuts
     D:8: 1760 daAuts
    D:10: 1596 daAuts
     D:1: 1168 daAuts
     D:4: 1144 daAuts
     D:5: 1108 daAuts
     D:6: 1059 daAuts
     D:3: 1024 daAuts
     D:2: 870 daAuts
     D:7: 857 daAuts
 Ossuary: 689 daAuts
    D:11: 184 daAuts

Table legend:
 A = Non-vault XP
 B = Vault XP
 C = Vault XP percentage of total XP
 D = Non-vault monster count
 E = Vault monster count
 F = Vault count percentage of total count
                 A         B        C        D         E       F
            +---------+---------+-------+---------+---------+-------
      Total |   20300 |    5623 |  21.7 |     235 |      81 |  25.6
            +---------+---------+-------+---------+---------+-------
        D:1 |      39 |       0 |   0.0 |      21 |       0 |   0.0
        D:2 |      57 |      37 |  39.4 |      19 |       1 |   5.0
        D:3 |      75 |       0 |   0.0 |      15 |       0 |   0.0
        D:4 |     525 |     642 |  55.0 |      12 |      12 |  50.0
        D:5 |     665 |     365 |  35.4 |      19 |       5 |  20.8
        D:6 |    1191 |       0 |   0.0 |      17 |       0 |   0.0
        D:7 |    1018 |       0 |   0.0 |      23 |       0 |   0.0
        D:8 |    6074 |     480 |   7.3 |      31 |       8 |  20.5
        D:9 |    5349 |    3057 |  36.4 |      43 |      15 |  25.9
       D:10 |    2590 |     486 |  15.8 |      26 |       1 |   3.7
       D:11 |    2717 |       0 |   0.0 |       9 |       0 |   0.0
    Ossuary |       0 |     556 | 100.0 |       0 |      39 | 100.0
            +---------+---------+-------+---------+---------+-------
